Map: Lost and Found LE

Players

OnlySentries

  • Race: Protoss Protoss
  • League: Diamond
  • Spawn Location: 1:00

Majin - Winner!

  • Race: Terran Terran
  • Spawn Location: 7:00

VOD

Have the link to the VOD?

Description

Time

  • Played on: July 25, 2018, 4:15 p.m.
  • Length: 7:12
Show
View Real Time Build Order
Export as new Build Order

OnlySentries Protoss 

Build Orders: 1 Gate Expand, Double Forge, Blink Stalkers 

Get SALT Encoding   

  12  0:01  Probe  
  13  0:13  Probe  
  14  0:17  Pylon  
  14  0:25  Probe  
  15  0:34  Probe  
  15  0:39  Gateway  
  15  0:42  Probe  
  17  0:50  Assimilator  
  17  0:51  Probe  
  18  1:03  Probe  
  19  1:15  Probe  
  20  1:27  Cybernetics Core  
  20  1:39  Nexus  
  20  1:44  Probe  
  21  1:49  Assimilator  
  21  1:55  Stalker  
  21  1:56  Pylon  
  23  2:08  Warp Gate  
  23  2:16  Stalker  
  23  2:29  Probe  
  25  2:41  Probe  
  25  2:42  Stalker  
  28  2:53  Probe  
  28  2:56  Twilight Council  
  28  2:57  Probe  
  30  3:03  Stalker  
  31  3:05  Probe  
  31  3:09  Probe  
  34  3:17  Probe  
  35  3:22  Probe  
  36  3:29  Probe  
  36  3:33  Blink  
  36  3:34  Probe  
  38  3:38  Gateway x2  
  38  3:47  Probe  
  39  3:55  Forge  
  39  3:57  Forge  
  39  4:03  Probe x2  
  39  4:07  Protoss Ground Weapons Level 1  
  39  4:09  Protoss Ground Armor Level 1  
  41  4:15  Probe x2  
  41  4:16  Pylon  
  43  4:27  Probe  
  44  4:35  Assimilator  
  44  4:37  Stalker x3  
  50  4:57  Probe x2  
  50  4:58  Robotics Facility  
  52  5:09  Probe x2  
  54  5:15  Pylon  
  54  5:24  Charge  
  54  5:26  Nexus  
  54  5:30  Pylon  
  54  5:39  Gateway  
  54  5:46  Gateway x2  
  54  5:48  Observer  
  55  5:51  Gateway  
  55  5:54  Pylon  
  55  5:59  Zealot  
  55  6:00  Zealot  
  59  6:04  Shield Battery  
  59  6:06  Zealot, Shield Battery  
  59  6:09  Shield Battery  
  61  6:22  Zealot  
  61  6:23  Zealot  
  65  6:27  Zealot  
  60  6:43  Zealot  
  60  6:44  Zealot  
  63  6:52  Zealot x2  
  63  6:53  Zealot x2  
  70  6:58  Pylon  
  70  7:02  Pylon  
  70  7:06  Zealot x3  
Show
View Real Time Build Order
Export as new Build Order

Majin Terran - Winner!

Build Orders: Reaper Expand, MMM Bio 

Get SALT Encoding   

  12  0:01  SCV  
  13  0:13  SCV  
  14  0:18  Supply Depot  
  14  0:25  SCV  
  15  0:40  Barracks, SCV  
  16  0:47  Refinery  
  16  0:52  SCV  
  17  1:04  SCV  
  18  1:16  SCV  
  19  1:29  Orbital Command  
  19  1:31  Reaper  
  20  1:52  Command Center  
  20  1:57  SCV  
  20  1:59  Barracks  
  21  2:09  SCV  
  21  2:13  Supply Depot  
  22  2:15  Barracks Reactor  
  22  2:21  Barracks  
  22  2:34  SCV  
  23  2:39  Barracks  
  23  2:41  Barracks  
  23  2:56  Marine x2  
  23  2:57  Barracks Reactor  
  25  3:00  Bunker  
  25  3:02  SCV  
  26  3:12  Orbital Command  
  26  3:17  Marine x2  
  28  3:22  Barracks Tech Lab  
  28  3:26  SCV  
  29  3:31  Barracks Tech Lab  
  29  3:34  Marine  
  29  3:35  Marine  
  29  3:38  SCV  
  32  3:42  Barracks Reactor, Engineering Bay  
  32  3:43  SCV  
  33  3:51  Marine x2  
  33  3:53  Stimpack  
  35  4:01  SCV x2  
  37  4:13  SCV  
  37  4:15  SCV  
  39  4:21  Marine x3  
  39  4:22  Marine  
  39  4:23  Marine x3  
  46  4:27  Supply Depot  
  46  4:28  Terran Infantry Weapons Level 1  
  46  4:45  SCV x2, Marine x6  
  54  4:49  Marauder, Supply Depot, Marine  
  54  4:50  Combat Shields  
  57  4:57  SCV x2  
  59  5:01  Supply Depot  
  59  5:03  Marine  
  59  5:04  Marine x2  
  62  5:11  Marine x3  
  62  5:12  Supply Depot  
  65  5:14  Marauder  
  65  5:15  Marauder  
  69  5:23  Marine x2  
  69  5:24  Marine  
  69  5:27  Refinery  
  69  5:28  SCV x2  
  74  5:35  Supply Depot  
  74  5:36  Marine x3  
  74  5:37  Marauder x2  
  81  5:58  Marine x4  
  81  5:59  Marine x2  
  81  6:00  Marauder x2  
  81  6:04  Concussive Shells  
  91  6:17  Marine x3  
  94  6:30  Marine  
  94  6:31  Marine  
  94  6:33  Marine  
  94  6:35  Marine  
Tags
 
Add a new tag
Caveats
  • Supply blocks, unpowered buildings, or Contaminate may cause inaccurate times.
  • Supply counts are checked every 10 seconds.